AoeStats
← lamanito6

Nomad

505411800Analyzed
3v3 RM · 24d ago on Sep 9, 2026· 20m 21s· 6 players
Game mode
Random Map
Map size
210×210
Population
200
Speed
Normal
Resources
Standard
Victory
Conquest
Starting age
Dark Age
Ending age
Imperial Age
RankedLock teamsTeams togetherTeam positionsShared explorationLock speedFull tech treeHidden civsTurbo modeCheats
Victory
Defeat
🇦🇺 Spanish · Australia
1346
+8
🇦🇺 Malay · Australia
1104
+16
🇦🇺 Magyars · Australia
1082
+17
🇪🇸 Malians · Spain
1155
-15
🇪🇸 Bulgarians · Spain
1144
-14
🇨🇿 Wu · Czechia
1092
-12
poky.pok
13:32 Feudal Age
ibaporcanalejas
7:14 Loom
13:20 Feudal Age
13:37 Man-at-Arms
14:05 Double-Bit Axe
14:02 Horse Collar
14:50 Arson
17:33 Wheelbarrow
17:46 Scale Mail Armor
18:41 Forging
19:46 Stone Mining
lamanito6
5:36 Loom
15:09 Feudal Age
17:10 Arson
22:10 Castle Age
20:31 Forging
20:22 Scale Mail Armor
MJT
6:03 Loom
17:10 Feudal Age
20:35 Fletching
21:30 Wheelbarrow
MrJaykey
4:45 Loom
13:18 Feudal Age
14:59 Wheelbarrow
14:35 Double-Bit Axe
18:14 Bloodlines
20:17 Castle Age
18:05 Horse Collar
18:37 Scale Barding Armor
SweatyPenguin
6:52 Loom
13:10 Feudal Age
17:39 Castle Age
17:14 Double-Bit Axe
17:10 Horse Collar
18:20 Gold Mining
18:36 Fishing Lines
Connection lost

Rejoining the realm…

Still unreachable

The connection could not be restored.

Session expired

The server has moved on; the page needs a fresh start.